 Dungeon Crawl Stone Soup version 0.28-a0-1038-g9c4cb8273d (webtiles) character file.

Game seed: 3292699926751908613

359 karkarkar the Chopper (level 6, -1/48 HPs)
             Began as a Formicid Fighter on Dec 8, 2021.
             Slain by Grinder (4 damage)
             ... on level 5 of the Dungeon.
             The game lasted 00:07:32 (4250 turns).

karkarkar the Chopper (Formicid Fighter)            Turns: 4250, Time: 00:07:34

Health: -1/48      AC:  8    Str: 26    XL:     6   Next: 97%
Magic:  6/6        EV: 10    Int: 14    God:
Gold:   220        SH:  4    Dex: 10    Spells: 5/5 levels left

rFire   . . .      SeeInvis +   a - +0 war axe
rCold   + . .      Faith    .   c - +0 buckler
rNeg    . . .      Spirit   .   b - +0 scale mail
rPois   +          Reflect  .   (helmet unavailable)
rElec   +          Harm     .   (no cloak)
rCorr   .          Rampage  .   j - +0 pair of gloves
Will    .....                   (no boots)
Stlth   ..........              (no amulet)
HPRegen 0.16/turn               o - ring "Dejanah" {rElec rPois rC+ Str+4 SInv}
MPRegen 0.10/turn               v - +6 ring of intelligence

@: no status effects
A: permanent stasis, dig shafts and tunnels, antennae 3, four strong arms
a: Dig, Shaft Self


You were on level 5 of the Dungeon.
You visited 1 branch of the dungeon, and saw 5 of its levels.

You collected 220 gold pieces.

Inventory:

Hand Weapons
 a - a +0 war axe (weapon)
 f - a +2 hand axe of flaming
Missiles
 r - a throwing net
 t - 3 boomerangs (quivered)
Armour
 b - a +0 scale mail (worn)
 c - a +0 buckler (worn)
 j - a +0 pair of gloves (worn)
Jewellery
 o - the ring "Dejanah" (left hand) {rElec rPois rC+ Str+4 SInv}
   (You acquired it on level 3 of the Dungeon)

   [ring of poison resistance]

   Str:       It affects your strength (+4).
   rC:        It protects you from cold.
   rElec:     It insulates you from electricity.
   rPois:     It protects you from poison.
   SInv:      It lets you see invisible.
 v - a +6 ring of intelligence (right hand)
Wands
 p - a wand of paralysis (8)
Scrolls
 d - 2 scrolls of holy word
 h - a scroll of fear
 l - a scroll of fog
 u - a scroll of amnesia
Potions
 e - 2 potions of flight {unknown}
 g - a potion of attraction {unknown}
 i - 2 potions of ambrosia
 k - a potion of might
 m - a potion of cancellation
 q - a potion of mutation {unknown}
 s - a potion of resistance {unknown}


   Skills:
 + Level 4.1 Fighting
 + Level 5.2 Axes
 + Level 4.3 Armour
 + Level 1.0 Dodging
 + Level 0.2 Stealth
 + Level 4.3 Shields


You had 5 spell levels left.
You didn't know any spells.
Your spell library contained the following spells:

 Spells                   Type           Power      Damage    Failure   Level
 Static Discharge         Conj/Air       0%         N/A       67%         2
 Sublimation of Blood     Necr           0%         N/A       67%         2
 Wereblood                Tmut           0%         N/A       67%         2
 Dispel Undead            Necr           0%         3d6       99%         4
 Sticky Flame             Conj/Fire      0%         2d3       99%         4
 Summon Hydra             Summ           0%         N/A       100%        7


Dungeon Overview and Level Annotations

Branches:
Dungeon (5/15)
 Temple: D:4-7

Altars:

Annotations:
D:5 Grinder


Innate Abilities, Weirdness & Mutations

You cannot be hasted, slowed, berserked, paralysed or teleported.
You can dig through walls and to a lower floor.
You have a pair of large antennae on your head. (SInv)
Your four strong arms can wield two-handed weapons with a shield.


Message History

You block the slug dart.
You throw a boomerang. The boomerang hits the dart slug.
You kill the dart slug!
Grinder is no longer paralysed.
Your Dodging skill increases to level 1!
Grinder gestures at you. Pain shoots through your body!
Grinder gestures at you. Pain shoots through your body!
Found a scroll of teleportation.
Grinder says, "Just stop there for a second..."
Grinder blinks!
You see here 18 gold pieces.
Grinder blinks!
An orc priest comes into view.
It is wielding a +0 short sword of speed.
You barely miss Grinder.
Grinder is moderately wounded.
Grinder hits you.
You writhe in agony.
The orc priest mumbles some strange prayers to Beogh against you.
Beogh smites you!
You hear a shout!
You are too injured to fight recklessly!
You are too injured to fight recklessly!
You are too injured to fight recklessly!
You are too injured to fight recklessly!
Unknown command.
You slash Grinder!
Grinder is severely wounded.
Grinder gestures at you. Pain shoots through your body!
* * * LOW HITPOINT WARNING * * *
Grinder barely misses you.
You hit Grinder.
Grinder is almost dead.
The orc priest begins to cast a cantrip, but forgets the words!
Grinder says, "Don't move a muscle."
Grinder hits you!
* * * LOW HITPOINT WARNING * * *
You writhe in agony.
You die...

#.... ...
#.... ....
#...##....
.o.......
.........
#........
#.#.5....?.
#.#@.......
#.#......##
#.#......#
#..$.####..
#....# #
##...#
#...# #...#
#...#


You could see Grinder and an orc priest.

Vanquished Creatures
  3 jellies
  A hound (D:4)
  Terence (D:2)
  A hound skeleton (D:4)
  5 gnolls
  5 adders
  An adder skeleton (D:4)
  A worm (D:2)
  4 dart slugs
  4 orcs (D:3)
  15 endoplasms
  5 giant cockroaches
  11 hobgoblins
  12 kobolds
  A quokka (D:1)
  3 ball pythons
  6 bats
  2 frilled lizards
  8 goblins
  4 rats
93 creatures vanquished.

Vanquished Creatures (others)
  7 fungi (D:2)
  10 plants (D:2)
  8 toadstools (D:2)
25 creatures vanquished.

Grand Total: 118 creatures vanquished

Notes
Turn   | Place    | Note
-------+----------+-------------------------------------------
     0 | D:1      | karkarkar the Formicid Fighter began the quest for the Orb.
     0 | D:1      | Reached XP level 1. HP: 18/18 MP: 1/1
   234 | D:1      | Reached XP level 2. HP: 21/24 MP: 2/2
   657 | D:1      | Reached XP level 3. HP: 24/29 MP: 3/3
  1079 | D:2      | Reached skill level 3 in Axes
  1079 | D:2      | Reached XP level 4. HP: 6/37 MP: 4/4
  1082 | D:2      | Reached XP level 5. HP: 3/42 MP: 5/5
  1935 | D:2      | Reached skill level 4 in Axes
  2117 | D:2      | Noticed Terence
  2122 | D:2      | Killed Terence
  2170 | D:2      | Reached XP level 6. HP: 47/48 MP: 6/6
  3195 | D:3      | Identified a scroll of acquirement
  3195 | D:3      | Acquired the ring "Dejanah" {rElec rPois rC+ Str+4 SInv}
  3789 | D:4      | Reached skill level 5 in Axes
  4203 | D:5      | Entered Level 5 of the Dungeon
  4230 | D:5      | Noticed Grinder
  4241 | D:5      | Reached skill level 1 in Dodging
  4250 | D:5      | Slain by Grinder

Illustrated notes

Levels and vault maps discovered:
D:1:      enne_arrival_octagon_isle, layout_basic
D:2:      cheibrodos_fertilizer, layout_loops_corners, grunt_decor_cap,
          chequers_big_river, uniq_terence
D:3:      kennysheep_six_static_rooms, layout_loops_ring, minmay_misc_feat_rows
D:4:      layout_basic
D:5:      layout_basic, chequers_serial_rivers_micro_e, nicolae_alphabet_shops,
          uniq_grinder

Skill      XL: |  1  2  3  4  5  6 |
---------------+-------------------+-----
Axes           | 3 4 5 |  5.2
Shields        | 4 |  4.3
Armour         | 4 |  4.3
Fighting       | 4 |  4.1
Dodging        | 1 |  1.0
Stealth        | |  0.2

Action                   |  1- 3 |  4- 6 || total
-------------------------+-------+-------++-------
Melee: War axe           |    78 |   187 ||   265
Throw: Boomerang         |       |    13 ||    13
 Abil: Dig               |     2 |     1 ||     3
Evoke: Wand              |       |     8 ||     8
  Use: Scroll            |     2 |     8 ||    10
       Potion            |     1 |     1 ||     2
Armor: Scale mail        |    33 |    91 ||   124
Dodge: Dodged            |    32 |    96 ||   128
Block: Buckler           |    20 |    52 ||    72

Table legend: (Time is in decaauts)
 A = Elapsed time spent in this place.
 B = Non-inter-level travel time spent in this place.
 C = Inter-level travel time spent in this place.
 D = Time resting spent in this place.
 E = Time spent auto-exploring this place.
 F = Levels seen in this place.
 G = Mean time per level.
                   A        B        C        D        E       F      G
               +--------+--------+--------+--------+--------+-----+--------+
         Total |   4348 |   4208 |    140 |    584 |   2851 |   5 |  869.6 |
       Dungeon |   4348 |   4208 |    140 |    584 |   2851 |   5 |  869.6 |
               +--------+--------+--------+--------+--------+-----+--------+

Top non-repeatable levels by time:
     D:2: 1898 daAuts
     D:1: 1069 daAuts
     D:3: 870 daAuts
     D:4: 460 daAuts
     D:5: 48 daAuts
